Cogmind - Beta 13 X1 @@@ ROGUE MODE // 2023.08.07 @ 02:23:06 Player: Luna Result: Destroyed by YN-POJ(R) with Subdweller Machine Gun Performance ------------- Evolutions (0) 0 Regions Visited (2) 400 Robots Destroyed (27) 135 Value Destroyed (607) 607 Prototype IDs (2) 40 Alien Tech Used (0) 0 Bonus (0) 0 TOTAL SCORE: 1182 Bonus ------- None Cogmind --------- Core Integrity 0/250 Matter 0/300 Energy 89/100 System Corruption 2% Temperature Cool (0) Movement Treading (240) Ox1 Location -10/Subcaves Parts ------- > --- POWER (1) -------- (None) > --- PROPULSION (2) --- Light Treads Light Treads > --- UTILITY (2) ------ Improved Heat Sink High-capacity Storage Unit > --- WEAPON (2) ------- Battle Cannon > --- INVENTORY (20) --- Light Treads Light Treads Compact Wheel Heat Sink Heat Sink Disposable Heat Sink Large Matter Pod (80) Sensor Array Beam Cannon Assault Rifle Assault Rifle Assault Rifle Assault Rifle Subdweller Machine Gun Light Cannon Peak State ------------ > --- POWER ------------ Subdweller Power Source > --- PROPULSION ------- Light Treads Light Treads > --- UTILITY ---------- Improved Heat Sink High-capacity Storage Unit > --- WEAPON ----------- Assault Rifle Light Cannon > --- INVENTORY -------- Ion Engine Ion Engine Light Treads Light Treads Light Treads Light Treads Light Treads Compact Wheel Compact Wheel Heat Sink Heat Sink Disposable Heat Sink Large Matter Pod Sensor Array Beam Cannon Assault Rifle Assault Rifle Assault Rifle Assault Rifle Subdweller Machine Gun [Rating: 12] Favorites ----------- Power Ion Engine Engine Ion Engine Propulsion Light Treads Treads Light Treads Wheel Compact Wheel Utility High-capacity Storage Unit Device Improved Heat Sink Storage High-capacity Storage Unit Weapon Assault Rifle Ballistic Gun Assault Rifle Ballistic Cannon Light Cannon Build | -11 -10 -10 ------- Run | Jun Mat Sub Slots Evolved . | . . . Power . | . . . Propulsion . | . . . Utility . | . . . Weapon . | . . . Parts Attached 31 | 6 16 9 Power 7 | 1 3 3 Engine 7 | 1 3 3 Core . | . . . Reactor . | . . . Propulsion 10 | 2 5 3 Treads 9 | 2 4 3 Leg . | . . . Wheel 1 | . 1 . Hover . | . . . Flight . | . . . Utility 6 | 1 5 . Device 4 | . 4 . Storage 2 | 1 1 . Processor . | . . . Hackware . | . . . Protection . | . . . Artifact . | . . . Weapon 8 | 2 3 3 Energy Gun . | . . . Energy Cannon . | . . . Ballistic Gun 5 | 2 2 1 Ballistic Cannon 3 | . 1 2 Launcher . | . . . Special Weapon . | . . . Impact Weapon . | . . . Slashing Weapon . | . . . Piercing Weapon . | . . . Special Melee Weapon . | . . . Unidentified Prototypes . | . . . Parts Lost 11 | . 4 7 Power 3 | . 1 2 Propulsion 5 | . 2 3 Utility . | . . . Weapon 3 | . 1 2 Highest Loss Streak 7 | . 2 7 To Critical Strikes . | . . . Average Slot Usage (%) 99 | . 99 99 Engine 13 | . 14 13 Treads 27 | . 28 27 Device 13 | . 13 14 Storage 14 | . 14 14 Ballistic Gun 25 | . 27 21 Ballistic Cannon 2 | . . 6 Naked Turns . | . . . Heaviest Build 52 | 13 51 52 Greatest Support 40 | 40 40 40 Greatest Overweight (x) 1 | 1 1 1 Average Overweight (x) . | . . 1 Largest Inventory Capacity 20 | 8 20 20 Average Capacity 18 | 7 18 20 Most Carried 20 | 6 20 20 Average Carried 17 | 3 17 19 Final Capacity 20 | 8 20 20 Final Carried 18 | 6 18 15 Class Distribution -------------------- 90% | Mutant 9% | Scavenger-Mutant Dominant Class ---------------- Mutant | -10/Materials Mutant | -10/Subcaves Resources | -11 -10 -10 ----------- Run | Jun Mat Sub Matter Collected 953 | 237 619 97 Remotely . | . . . Salvage Created 829 | . 750 79 Parts 59 | . 52 7 Haulers Intercepted 1 | . 1 . Recyclers Shooed 2 | . 2 . Parts Field Recycled . | . . . Retrieved Matter . | . . . Parts Self-Destructed 11 | . . 11 Prevented . | . . . Kills | -11 -10 -10 ------- Run | Jun Mat Sub Combat Hostiles Destroyed 20 | . 18 2 Guns 19 | . 18 1 Cannons 1 | . . 1 Classes Destroyed 8 | . 6 2 Worker 2 | . 2 . Builder 2 | . 2 . Hauler 1 | . 1 . Watcher 2 | . 2 . Swarmer 6 | . 6 . Grunt 12 | . 12 . Artisan 1 | . . 1 Subdweller 2 | . . 2 Best Kill Streak 4 | . 4 1 Combat Bots Only 3 | . 3 1 Max Kills in Single Turn 2 | . 2 1 Gunslinging 1 | . 1 . Exploded . | . . . Melee . | . . . Uniques/NPCs Destroyed . | . . . Combat | -11 -10 -10 -------- Run | Jun Mat Sub Damage Taken 1731 | . 863 868 Core 254 | . 76 178 Absorbed by Shields . | . . . Core Remaining (%) 100 | 100 . . Volleys Fired 129 | . 80 49 Largest 2 | . 2 2 Hottest 69 | . 40 69 Shots Fired 239 | . 161 78 Gun 215 | . 161 54 Cannon 24 | . . 24 Launcher . | . . . Special . | . . . Kinetic 239 | . 161 78 Thermal . | . . . Explosive . | . . . Electromagnetic . | . . . Robot Hit Streak 15 | . 9 15 Robot Miss Streak 6 | . 6 1 Penetration Max . | . . . Secondary Targets 1 | . 1 . Max Gunslinging Chain 1 | . 1 . Shots Hit Robots 133 | . 101 32 Core Hits 45 | . 39 6 Critical Kills 1 | . 1 . Critical Parts Destroyed 1 | . 1 . Critical Strikes 2 | . 2 . Destroy 2 | . 2 . Melee Attacks . | . . . Impact . | . . . Slashing . | . . . Piercing . | . . . Sneak Attacks . | . . . Combat Hostiles . | . . . Follow-up Attacks . | . . . Damage Inflicted 1785 | . 1268 517 Guns 1573 | . 1268 305 Cannons 212 | . . 212 Explosions . | . . . Melee . | . . . Ramming . | . . . Kinetic 1785 | . 1268 517 Thermal . | . . . Explosive . | . . . Electromagnetic . | . . . Impact . | . . . Slashing . | . . . Piercing . | . . . Highest Corruption 2 | . 2 2 Average Corruption 2 | . 2 2 Corruption Purged . | . . . Corruption Blocked . | . . . Effects 24 | . 9 15 Message Errors 4 | . 1 3 Matter Fused 7 | . 4 3 Heat Flow Errors 2 | . 1 1 Energy Discharges 3 | . . 3 Parts Fused 1 | . 1 . Data Loss (minor) 3 | . 1 2 Misfires 4 | . 1 3 Overload Shots . | . . . Overflow Damage . | . . . Projectiles . | . . . Explosions . | . . . Melee . | . . . Knockbacks 5 | . . 5 Impact . | . . . Kinetic 5 | . . 5 Secondary . | . . . Self-Inflicted Damage . | . . . Shots . | . . . Rammed . | . . . Targets Rammed . | . . . Kicked . | . . . Crushed . | . . . Highest Temperature 250 | . 250 149 Average Temperature 105 | . 108 95 Received Heat Transfer 513 | . 381 132 Siege Activations . | . . . Robots Corrupted . | . . . Combat Hostiles . | . . . Parts Fried . | . . . Impact Corruptions . | . . . Robots Melted . | . . . Combat Hostiles . | . . . Parts Melted . | . . . Heat Transferred . | . . . Parts Sabotaged . | . . . Parts Stolen . | . . . Parts Stripped . | . . . Power Chain Reactions . | . . . Missiles Intercepted . | . . . Alert | -11 -10 -10 ------- Run | Jun Mat Sub Peak Influence 184 | . 184 . Initial . | . . . Average 74 | . 77 . Maximum Alert Level . | . . . Low Security (%) 100 | 100 100 . Level 1 . | . . . Level 2 . | . . . Level 3 . | . . . Level 4 . | . . . Level 5 . | . . . High Security . | . . . Max Security . | . . . Squads Dispatched 5 | . 5 . Investigation 4 | . 4 . Extermination . | . . . Reinforcement 1 | . 1 . Assault . | . . . Garrison . | . . . Intercept . | . . . Searches Triggered . | . . . Construction Impeded . | . . . Haulers Reinforced . | . . . Active Scanning Responses . | . . . Cargo Convoy Interrupts . | . . . Stealth | -11 -10 -10 --------- Run | Jun Mat Sub Distress Signals 2 | . 2 . Communications Jammed . | . . . Distress Signals . | . . . Times Spotted 35 | . 30 5 Peak Tracking Total 4 | . 4 4 Tactical Retreats . | . . . Traps | -11 -10 -10 ------- Run | Jun Mat Sub Traps Triggered 7 | . 5 2 Indirectly . | . . . Trap Hack Attempts . | . . . Triggered . | . . . Disarmed . | . . . Reprogrammed . | . . . Reused . | . . . Traps Extracted . | . . . Installed . | . . . Triggered . | . . . Machines | -11 -10 -10 ---------- Run | Jun Mat Sub Machines Disabled . | . . . Max in Single Turn . | . . . Machines Repaired . | . . . Machines Sabotaged . | . . . Overloaded Fab Kills . | . . . Hacking | -11 -10 -10 --------- Run | Jun Mat Sub Machines Accessed 6 | . 6 . Terminals 6 | . 6 . Fabricators . | . . . Repair Stations . | . . . Recycling Units . | . . . Scanalyzers . | . . . Garrison Access . | . . . Total Hacks 18 | . 18 . Successful 8 | . 8 . Failed 9 | . 9 . Catastrophic . | . . . Database Lockouts 1 | . 1 . Manual 15 | . 15 . Terminals 18 | . 18 . Fabricators . | . . . Repair Stations . | . . . Recycling Units . | . . . Scanalyzers . | . . . Garrison Access . | . . . Terminal Hacks 5 | . 5 . Robot Analysis 3 | . 3 . Prototype ID Bank 1 | . 1 . Unreport Threat 1 | . 1 . Fabricator Hacks . | . . . Repair Station Hacks . | . . . Recycling Unit Hacks . | . . . Scanalyzer . | . . . Garrison Access Hacks . | . . . Unauthorized Hacks 3 | . 3 . Terminals 3 | . 3 . Botnet 3 | . 3 . Fabricators . | . . . Repair Stations . | . . . Recycling Units . | . . . Scanalyzers . | . . . Garrison Access . | . . . Data Cores Recovered . | . . . Used . | . . . Hacking Detections 6 | . 6 . Full Trace Events 2 | . 2 . Feedback Events . | . . . Feedback Blocked . | . . . Robot Schematics Acquired . | . . . Robots Built . | . . . Authchips . | . . . Time . | . . . Total Robot Build Rating . | . . . Part Schematics Acquired . | . . . Parts Built . | . . . Authchips . | . . . Time . | . . . Total Part Build Rating . | . . . Parts Repaired . | . . . Time . | . . . Parts Recycled . | . . . Recycled Matter . | . . . Retrieved Matter . | . . . Retrieved Components . | . . . Parts Scanalyzed . | . . . Part Schematics Acquired . | . . . Parts Damaged . | . . . Bothacking | -11 -10 -10 ------------ Run | Jun Mat Sub Used RIF Installer . | . . . Robots Hacked . | . . . Non-combat . | . . . Combat . | . . . Robot Hacks Applied . | . . . Relay Couplers Released . | . . . Fabnet Peak Effective % . | . . . Robots Rewired . | . . . Allies Hacked . | . . . Hacks Repelled . | . . . Allies | -11 -10 -10 -------- Run | Jun Mat Sub Total Allies . | . . . Largest Group . | . . . Highest-Rated Group . | . . . Highest-Rated Ally . | . . . Total Orders . | . . . Ally Attacks . | . . . Total Damage . | . . . Kills . | . . . Allies Corrupted . | . . . Allies Melted . | . . . Intel | -11 -10 -10 ------- Run | Jun Mat Sub Robot Analysis Total 3 | . 3 . Derelict Logs Recovered 2 | . . 2 Drone Launches . | . . . Drone Recoveries . | . . . Exploration | -11 -10 -10 ------------- Run | Jun Mat Sub Turns Passed 3443 | 85 2169 1189 Spaces Moved 1200 | 46 722 432 Core 3 | 3 . . Treads 1197 | 43 722 432 Legs . | . . . Wheels . | . . . Hover . | . . . Flight . | . . . Fastest Speed 50 | 50 160 240 Average Speed 230 | 153 229 240 Slowest Speed 240 | 160 240 240 Overloaded Moves . | . . . Propulsion Burnouts . | . . . Robots Hopped . | . . . Cave-ins Triggered . | . . . Exploration Rate (%) 43 | 4 91 35 Regions Visited 2 Branch Regions 1 Pre-discovered Areas 1 | . . 1 Known Exits Taken . | . . . Unknown Exits Taken 2 | 1 1 . Scrap Searched . | . . . Spaces Dug . | . . . Terrain Destroyed . | . . . Melee . | . . . Projectile . | . . . AOE . | . . . Terrain Rammed . | . . . Walls Destroyed . | . . . Machines Disabled . | . . . Actions | -11 -10 -10 --------- Run | Jun Mat Sub Total 1643 | 57 1082 504 Wait 243 | . 236 7 Move 1198 | 45 721 432 Hop . | . . . Pick Up 26 | 6 16 4 Fast Attach 10 | 6 4 . Attach 10 | . 4 6 Detach 3 | . 3 . Swap 11 | . 8 3 Drop 13 | . 10 3 Fire 129 | . 80 49 Melee . | . . . Ram . | . . . Kick . | . . . Crush . | . . . Escape Stasis . | . . . Rewire . | . . . Trap . | . . . Miscellaneous . | . . . Route ------- -11/Junkyard -10/Materials (discovered 6 exits: [*Mat x3] / [*Min x2] / [*Sub]) -10/Subcaves History --------- Turn | Location | Event 41 | -11/Junkyard | Discovered new exit (range 16) 86 | -11/Junkyard | Entered Materials 316 | -10/Materials | Build established: Mutant 473 | -10/Materials | Discovered new exit (range 8) 558 | -10/Materials | Discovered new exit (range 5) 772 | -10/Materials | Discovered new exit (range 16) 1698 | -10/Materials | Central database locked down 1707 | -10/Materials | Discovered new exit (range 15) 1919 | -10/Materials | Discovered new exit (range 4) 2229 | -10/Materials | Discovered new exit (range 8) 2255 | -10/Materials | Entered Subcaves 2612 | -10/Subcaves | Ambushed by angry Subdweller bent on revenge 2959 | -10/Subcaves | Learned Materials trap positions 3020 | -10/Subcaves | Shifting Twisted Machinery released Sub. Machine Gun 3116 | -10/Subcaves | Shifting Twisted Machinery released Battle Cannon 3178 | -10/Subcaves | Learned location of Zion (-6) 3264 | -10/Subcaves | A swath of the cavern ceiling suddenly collapsed 3383 | -10/Subcaves | Build established: Scavenger-Mutant 3417 | -10/Subcaves | Core integrity fell below 50% 3434 | -10/Subcaves | Core integrity fell below 20% 3444 | -10/Subcaves | Destroyed by YN-POJ(R) with Subdweller Machine Gun Last Messages --------------- 03264_ System corrupted: Component data lost. 03288_ System corrupted: Heat flow error (+201). 03373_ System corrupted: Energy discharge (-75). 03384_ Lgt. Treads destroyed. 03389_ FQ-3RW(R) affixes Scrap Shield Fragment to Scrap Shield. 03406_ Ion Engine destroyed. 03408_ Acquired 38 matter. 03410_ Assault Rifle destroyed. 03418_ FQ-3RW(R) knocked back. 03421_ Destroyed Scrap Shield. 03423_ Sub. Machine Gun destroyed. 03426_ System corrupted: Energy discharge (-40). 03427_ FQ-3RW(R) destroyed. 03433_ Acquired 10 matter. 03437_ Lgt. Treads destroyed. 03438_ QT-YHW(R) knocked back. 03439_ Lgt. Treads destroyed. 03441_ Ion Engine destroyed. 03442_ QT-YHW(R) knocked back. 03443_ QT-YHW(R) affixes Scrap Shield Fragment to Scrap Shield. Map ----- +----------------------------------------------------+ | ?????????????????????????????????????????????????? | | ?????????????????????????????????????????????????? | | ??????????????????????????????????###?????##?????? | | ?????????????????????????###?????##""##??#"####??? | | ????????????????????????## ####### ##"####"#""###? | | ???????????????????????## ###""#""""##"" "## | | ???????????????????????# ## ### """#"" # ####"" | | ???????????????????????## ##### ""####""##"#"" ##" | | ???????????????????????# ##?# ##??#######"## #" | | ???????????????????????## ### #??????????#??## | | ????????????????????????## ## ##??????????????? | | ?????????????????????????# #####???????????????? | | ????????????????????????## ##?????????????????? | | ???????????????????????## ##????#???????????? | | ???????????????????????# #### # #?????????? | | ???????????????????????# ### #??????????? | | ???????????????????????##?## # ##??????????? | | ??????????????????????????# #??????????????# | | ??????????????????????????# ##??????????????# | | ??????????????????????????# # #???????????????? | | ??????????????????????????# ##???????????????? | | ??????????????????????????## ##????????????????? | | ??????????????????????????## #?????????????????? | | ?????????????????????????##% #?????????????????? | | ??????????????????????#### != # ####????????????? | | ??????????????????????# %@& [ #??????? | | ??????????????? %%R #??????? | | ??????????????# R R% ### #??????? | | ??????????????## # %## #??? ] #??????? | | ???????????????# ##?###?### % #??? #??????? | | ?????????????? ??????????## #???? ??????? | | ???????????? ?????????????####????? ??????? | | ???????????? ????????????????????????? ???????? | | ???????????????????????????????????????? ????????? | | ?????????????????????????????????????????????????? | | ?????????????????????????????????????????????????? | | ?????????????????????????????????????????????????? | | ?????????????????????????????????????????????????? | | ?????????????????????????????????????????????????? | | ?????????????????????????????????????????????????? | | ?????????????????????????????????????????????????? | | ?????????????????????????????????????????????????? | | ?????????????????????????????????????????????????? | | ?????????????????????????????????????????????????? | | ?????????????????????????????????????????????????? | | ?????????????????????????????????????????????????? | | ?????????????????????????????????????????????????? | | ?????????????????????????????????????????????????? | | ?????????????????????????????????????????????????? | | ?????????????????????????????????????????????????? | +----------------------------------------------------+ Best States ------------- Heat Dissipation 39 Energy Generation 15 Energy Capacity 250 Matter Stores 300 Matter Capacity 300 Sight Range 16 Terrain Scan Range 14 Terrain Scan Density 10 Evasion (%) 40 Recoil Reduction 2 Item Schematics ----------------- None Robot Schematics ------------------ None Fabricated ------------ Nothing Alien Tech Used ----------------- None Achievements -------------- None Challenges ------------ None Game ------ Seed BeamExperimentalSteel Manual? 0 Play Time 00:16:01 Cumulative 135.3 hours Start 2023.08.07 @ 02:07:36 End 2023.08.07 @ 02:23:06 Sessions 1 Manual Loads 0 Difficulty Rogue Special Mode None Game No. 102 Rogue 102 Adventurer 0 Explorer 0 Win Type - Total 4 Types 2/0/1/1/0/0/0/0/0 Lore% 44 Gallery% 71 Achievement% 54 Wizard Run 0 Options --------- ASCII 0 Keyboard 1 Movement Vi Keybinds 1 Fullscreen 1 Font 18/SmallcapsGlow Map View 76x50 Tactical HUD 1 Map Filters NONE Filters NONE Steam 0 RUN: f544f978-bd94-40ec-bbc6-4d8499ab03bc